 Dungeon Sprint DCSS version 0.29-a0-789-g7a8fcbc185 (webtiles) character file.

Game seed: 13675793156274552800

3320 mhtbhm the Earth Mage (level 10, 0/58 HPs)
             Began as a Gargoyle Earth Elementalist on July 2, 2022.
             Was an Elder of Vehumet.
             Slain by a torpor snail (13 damage)
             ... in the Dungeon (Sprint IX: "|||||||||||||||||||||||||||||").
             The game lasted 00:03:36 (1935 turns).

mhtbhm the Earth Mage (Gargoyle Earth Elementalist) Turns: 1935, Time: 00:03:37

Health: 0/58       AC: 11    Str: 16    XL:     10   Next: 2%
Magic:  3/25       EV: 15    Int: 19    God:    Vehumet [****..]
Gold:   0          SH:  0    Dex: 10    Spells: 18/32 levels left

rFire   . . .      SeeInvis .   m - +2 dire flail (protect)
rCold   . . .      Faith    .   (shield currently unavailable)
rNeg    + . .      Spirit   .   a - +0 robe
rPois   ∞          Reflect  .   (no helmet)
rElec   +          Harm     .   l - +0 cloak
rCorr   .          Rampage  .   k - +0 pair of gloves
Will    .....      NoTele   +   (no boots)
Stlth   +++.......              (no amulet)
HPRegen 0.19/turn               n - +3 ring of strength
MPRegen 0.19/turn               o - +2 ring of evasion

@: slowed, very slow
A: sickness immunity, AC +7, negative energy resistance 1, electricity
resistance, torment resistance 1, petrification resistance
a: Renounce Religion


You were in the Dungeon.
You worshipped Vehumet.
Vehumet was greatly pleased with you.
You visited 1 branch

Inventory:

Hand Weapons
 m - a +2 dire flail of protection (weapon)
Missiles
 f - a curare-tipped dart
Armour
 a - a +0 robe (worn)
 k - a +0 pair of gloves (worn)
 l - a +0 cloak (worn)
Jewellery
 n - a +3 ring of strength (left hand)
 o - a +2 ring of evasion (right hand)
 p - an amulet of guardian spirit
Wands
 j - a wand of light (7)
Scrolls
 i - 2 scrolls of amnesia
 q - 2 scrolls of enchant weapon
 r - a scroll of blinking
 s - 2 scrolls of fog
 t - a scroll of fear
Potions
 b - 4 potions of magic
 c - 2 potions of curing
 d - a potion of invisibility
 e - 2 potions of haste
 g - 2 potions of brilliance
 h - 2 potions of heal wounds


   Skills:
 + Level 4.9 Fighting
 + Level 6.1 Maces & Flails
 + Level 6.2 Dodging
 + Level 7.2 Stealth
 + Level 11.8 Spellcasting
 + Level 4.8 Conjurations
 + Level 2.1 Transmutations
 + Level 16.1 Earth Magic
 + Level 1.7 Evocations


You had 18 spell levels left.
You knew the following spells:

 Your Spells              Type           Power      Damage    Failure   Level
a - Sandblast             Erth           100%       2d20      0%          1
b - Passwall              Tmut/Erth      38%        N/A       1%          2
c - Stone Arrow           Conj/Erth      100%       3d13      1%          3
d - Petrify               Tmut/Erth      46%        N/A       1%          4
e - Fulminant Prism       Conj/Hex       10%        3d9       6%          4

Your spell library contained the following spells:

 Spells                   Type           Power      Damage    Failure   Level
 Irradiate                Conj/Tmut      12%        3d17      11%         5


Dungeon Overview and Level Annotations

Branches:
Dungeon (1/1)

Altars:
Cheibriados
Dithmenos
Elyvilon
Fedhas
Gozag
Hepliaklqana
Kikubaaqudgha
Makhleb
Nemelex Xobeh
Okawaru
Qazlal
Ru
Sif Muna
Trog
Uskayaw
Vehumet
Wu Jian
Xom
Yredelemnul
Zin
The Shining One
Jiyva
Lugonu


Innate Abilities, Weirdness & Mutations

You are immune to sickness and miasma.
Your stone body is resilient. (AC +7)
You are immune to poison.
You resist negative energy. (rN+)
You are resistant to electric shocks. (rElec)
You are resistant to unholy torment.
You are immune to petrification.


Message History

The cane toad stings you but does no damage.
The cane toad stings you!!
Unknown command.
Casting: Sandblast (safe; 0% risk of failure)
Confirm with . or Enter, or press ? or * to list all spells.
Aiming: Sandblast (safe; 0% risk of failure)
Press: ? - help, Shift-Dir - straight line, f/p - cane toad
Aim: a cane toad (almost dead, 86% to hit)
The blast of sand hits the cane toad!!
You kill the cane toad!
Vehumet accepts your kill.
You feel your power returning. The torpor snail bites you.
Your Maces & Flails skill increases to level 6!
You have reached level 10!
Casting: Sandblast (safe; 0% risk of failure)
Confirm with . or Enter, or press ? or * to list all spells.
Aiming: Sandblast (safe; 0% risk of failure)
Press: ? - help, Shift-Dir - straight line, f - torpor snail
Aim: a torpor snail (100% to hit)
The blast of sand hits the torpor snail!
The torpor snail is moderately wounded.
The torpor snail bites you.
* * * LOW HITPOINT WARNING * * *
The torpor snail bites you!
* * * LOW HITPOINT WARNING * * *
You feel better.
The torpor snail bites you but does no damage.
Aiming: Bolt of Light
Press: ? - help, Shift-Dir - straight line, f/p - torpor snail
Aim: a torpor snail (moderately wounded, 100% to hit)
The bolt of light hits the torpor snail!
The torpor snail is moderately wounded.
The torpor snail is blinded.
The bolt of light hits the bullfrog!
The bullfrog is heavily wounded.
The bullfrog is blinded.
The bolt of light hits the bullfrog!
The bullfrog is heavily wounded.
The bullfrog is blinded.
The bolt of light hits the bullfrog!
The bullfrog is heavily wounded.
The bullfrog is blinded.
The torpor snail bites you!
You die...

▓_▓.▓
▓_▓.▓.▓
▓_▓.▓.▓
▓_▓.▓F▓
▓_▓.▓.▓
▓_▓.▓F▓
▓_▓.▓F▓
▓_▓.▓w▓
▓_▓.▓@▓
▓_▓.▓.▓
▓_▓.▓.▓
▓_▓.▓.▓
▓'▓.▓.▓
▓.▓.▓[▓
▓.▓.▓.▓
▓.▓.▓)▓
▓.▓.▓.▓


You could see a torpor snail (blind) and 3 bullfrogs.

Vanquished Creatures
  A boulder beetle (D)
  An ugly thing (D)
  A cane toad (D)
  2 komodo dragons (D)
  A tarantella (shapeshifter) (D)
  A slime creature (D)
  2 yaks (D)
  A shadow (D)
  An acid dragon (D)
  A black bear (D)
  A wolf (D)
  2 centaurs (D)
  A kobold brigand (D)
  A bullfrog (D)
  A scorpion (D)
  A gnoll sergeant (D)
  A hound (D)
  A gnoll (D)
  An adder (D)
  A giant cockroach (D)
  3 goblins (D)
  A rat (D)
27 creatures vanquished.

Notes
Turn   | Place    | Note
-------+----------+-------------------------------------------
     0 | D        | mhtbhm the Gargoyle Earth Elementalist began the quest for
                  | the Orb.
     0 | D        | Reached XP level 1. HP: 10/10 MP: 3/3
     5 | D        | Reached skill level 4 in Earth Magic
   301 | D        | Noticed a black bear
   301 | D        | Noticed a scorpion
   301 | D        | Noticed a hound
   304 | D        | Killed a hound
   305 | D        | Reached skill level 6 in Earth Magic
   305 | D        | Reached XP level 2. HP: 11/15 MP: 1/6
   305 | D        | Reached XP level 3. HP: 13/19 MP: 1/8
   307 | D        | Killed a scorpion
   308 | D        | Reached skill level 1 in Transmutations
   308 | D        | Reached skill level 8 in Earth Magic
   308 | D        | Reached XP level 4. HP: 5/24 MP: 8/10
   311 | D        | Killed a black bear
   312 | D        | Reached skill level 1 in Fighting
   312 | D        | Reached skill level 5 in Spellcasting
   312 | D        | Reached skill level 10 in Earth Magic
   312 | D        | Reached XP level 5. HP: 22/29 MP: 7/13
   317 | D        | Learned a level 2 spell: Passwall
   321 | D        | Learned a level 3 spell: Stone Arrow
   326 | D        | Learned a level 4 spell: Petrify
   384 | D        | Found a snail-covered altar of Cheibriados.
   384 | D        | Found a shadowy altar of Dithmenos.
   384 | D        | Found a white marble altar of Elyvilon.
   384 | D        | Found a blossoming altar of Fedhas.
   384 | D        | Found an opulent altar of Gozag.
   385 | D        | Found a hazy altar of Hepliaklqana.
   386 | D        | Found a viscous altar of Jiyva.
   387 | D        | Found an ancient bone altar of Kikubaaqudgha.
   388 | D        | Found a corrupted altar of Lugonu.
   389 | D        | Found a burning altar of Makhleb.
   390 | D        | Found a sparkling altar of Nemelex Xobeh.
   391 | D        | Found an iron altar of Okawaru.
   392 | D        | Found a stormy altar of Qazlal.
   393 | D        | Found a sacrificial altar of Ru.
   394 | D        | Found a shimmering blue altar of Sif Muna.
   395 | D        | Found a bloodstained altar of Trog.
   396 | D        | Found a hide-covered altar of Uskayaw.
   397 | D        | Found a radiant altar of Vehumet.
   398 | D        | Found an ornate altar of the Wu Jian Council.
   399 | D        | Found a shimmering altar of Xom.
   400 | D        | Found a basalt altar of Yredelemnul.
   401 | D        | Found a glowing silver altar of Zin.
   402 | D        | Found a glowing golden altar of the Shining One.
   405 | D        | Became a worshipper of Vehumet
   461 | D        | Noticed a shadow
   461 | D        | Noticed a centaur
   461 | D        | Noticed an acid dragon
   461 | D        | Noticed a kobold brigand
   461 | D        | Noticed a yak
   465 | D        | Killed a yak
   466 | D        | Reached skill level 5 in Stealth
   466 | D        | Reached skill level 11 in Earth Magic
   466 | D        | Reached XP level 6. HP: 9/35 MP: 10/15
   470 | D        | Reached skill level 12 in Earth Magic
   800 | D        | Killed an acid dragon
   800 | D        | Reached * piety under Vehumet
   800 | D        | Offered knowledge of Magic Dart by Vehumet.
   801 | D        | Reached skill level 1 in Conjurations
   801 | D        | Reached XP level 7. HP: 40/40 MP: 11/18
   888 | D        | Killed a shadow
   889 | D        | Reached skill level 5 in Dodging
   889 | D        | Reached skill level 13 in Earth Magic
   934 | D        | Reached ** piety under Vehumet
  1168 | D        | Noticed a boulder beetle
  1168 | D        | Noticed a slime creature
  1168 | D        | Noticed a tarantella
  1168 | D        | Noticed a cyan ugly thing
  1168 | D        | Noticed a komodo dragon
  1172 | D        | Offered knowledge of Freeze by Vehumet.
  1172 | D        | Killed a tarantella
  1173 | D        | Reached skill level 14 in Earth Magic
  1173 | D        | Reached XP level 8. HP: 23/46 MP: 13/21
  1173 | D        | HP: 1/46 [boulder beetle (22)]
  1186 | D        | Killed a boulder beetle
  1187 | D        | Reached skill level 10 in Spellcasting
  1187 | D        | Reached skill level 15 in Earth Magic
  1187 | D        | Reached skill level 1 in Evocations
  1187 | D        | Reached XP level 9. HP: 25/52 MP: 13/23
  1403 | D        | Killed a komodo dragon
  1403 | D        | Offered knowledge of Searing Ray by Vehumet.
  1403 | D        | Reached *** piety under Vehumet
  1604 | D        | Killed a cyan ugly thing
  1702 | D        | Offered knowledge of Fulminant Prism by Vehumet.
  1710 | D        | Learned a level 4 spell: Fulminant Prism
  1916 | D        | Noticed a cane toad
  1916 | D        | Noticed a komodo dragon
  1919 | D        | Noticed a torpor snail
  1922 | D        | Reached **** piety under Vehumet
  1923 | D        | Reached skill level 5 in Maces & Flails
  1924 | D        | Killed a komodo dragon
  1924 | D        | Offered knowledge of Irradiate by Vehumet.
  1928 | D        | Reached skill level 16 in Earth Magic
  1932 | D        | Killed a cane toad
  1933 | D        | Reached XP level 10. HP: 18/58 MP: 3/25
  1935 | D        | Slain by a torpor snail

Illustrated notes

Levels and vault maps discovered:
D:        linesprint [early_d, line_temple, items_1, d_10, items_2, lair_1,
          lair_end, items_3, orc_1, orc_end, items_4, d_15, swamp_1, shoals_1,
          snake_1, spider_1, d_20, vaults_1, items_5, swamp_end, shoals_end,
          snake_end, spider_end, vaults_end, d_27, items_6, zot_1, zot_end,
          crypt_end, forest_end, elf_end, slime_end, tomb_end, abyss_end,
          pan_hell_end]

Skill      XL: |  1  2  3  4  5  6  7  8  9 |
---------------+----------------------------+-----
Earth Magic    | 6 8 10 11 12 14 15 16 | 16.1
Dodging        | 2 3 4 5 6 |  6.2
Stealth        | 3 4 5 7 |  7.2
Spellcasting   | 3 4 5 6 7 9 10 11 | 11.8
Transmutations | 1 2 |  2.1
Fighting       | 1 2 3 4 |  4.9
Conjurations   | 1 2 3 4 |  4.8
Maces & Flails | 2 6 |  6.1
Evocations     | 1 |  1.7

Action                   |  1- 3 |  4- 6 |  7- 9 | 10-12 || total
-------------------------+-------+-------+-------+-------++-------
Melee: Unarmed           |    14 |       |       |       ||    14
       Dire flail        |       |       |    28 |       ||    28
 Cast: Sandblast         |     9 |     9 |     9 |     1 ||    28
       Stone Arrow       |       |     5 |    26 |       ||    31
       Petrify           |       |       |     2 |       ||     2
Evoke: Wand              |       |       |     2 |     1 ||     3
  Use: Potion            |     1 |     3 |     5 |     1 ||    10
       Scroll            |       |     1 |     1 |       ||     2
 Stab: Petrified         |       |       |     3 |       ||     3
Armor: Robe              |     9 |     2 |    14 |     1 ||    26
Dodge: Dodged            |    10 |    14 |    28 |       ||    52

Table legend: (Time is in decaauts)
 A = Elapsed time spent in this place.
 B = Non-inter-level travel time spent in this place.
 C = Inter-level travel time spent in this place.
 D = Time resting spent in this place.
 E = Time spent auto-exploring this place.
 F = Levels seen in this place.
 G = Mean time per level.
                   A        B        C        D        E       F      G
               +--------+--------+--------+--------+--------+-----+--------+
         Total |   1984 |   1984 |      0 |   1335 |    269 |   1 | 1984.0 |
       Dungeon |   1984 |   1984 |      0 |   1335 |    269 |   1 | 1984.0 |
               +--------+--------+--------+--------+--------+-----+--------+

Top non-repeatable levels by time:
       D: 1984 daAuts
